[Event "ICC tourney 2351 (30 5)"]
[Site "Internet Chess Club"]
[Date "2021.01.30"]
[Round "4"]
[White "ASmith2010"]
[Black "BigE"]
[Result "1/2-1/2"]
[ICCResult "White stalemated"]
[WhiteElo "1023"]
[BlackElo "977"]
[Opening "Sicilian: Smith-Morra gambit"]
[ECO "B21"]
[NIC "SI.48"]
[Time "16:01:54"]
[PlyCount "180"]
[TimeControl "1800+5"]

1. e4 c5 2. d4 cxd4 3. c3 dxc3 4. Nxc3 Nf6 5. Nf3 d6 6. e5 Ng4 7. exd6 exd6
8. Qe2+ Be7 9. Nd5 Nc6 10. Nxe7 Qxe7 11. Qxe7+ Nxe7 12. Bf4 d5 13. Be2 O-O
14. O-O Bf5 15. Nd4 Bd7 16. Rfe1 Nf6 17. Bd6 Rfe8 18. Bb5 Bxb5 19. Nxb5 Nf5
20. Bf4 Red8 21. Re5 Nh4 22. Bg5 Ng6 23. Rf5 Rd7 24. Bxf6 gxf6 25. Rxf6 d4
26. Rd1 d3 27. Rd6 Ne5 28. Rxd7 Nxd7 29. Rxd3 Nc5 30. Rd5 b6 31. Rf5 Rd8
32. h3 Rd1+ 33. Kh2 Rd2 34. Kg3 Rxb2 35. Nc3 Rc2 36. Rf3 Kg7 37. a3 a6 38.
Nd5 b5 39. Nc7 Ne4+ 40. Kf4 Rc4 41. Ke3 Nxf2 42. Ne8+ Kf8 43. Nd6 Nd1+ 44.
Kd2 Rd4+ 45. Rd3 Rxd3+ 46. Kxd3 Nb2+ 47. Kc3 Nd1+ 48. Kb4 Ne3 49. Ka5 Nxg2
50. Kxa6 Ne3 51. Kxb5 f5 52. Nxf5 Nxf5 53. a4 Nd4+ 54. Kb6 Nb3 55. Kb5 Kf7
56. a5 Nxa5 57. Kxa5 Kf6 58. Kb4 Kf5 59. Kc3 Kf4 60. Kd2 Kg3 61. Ke2 Kxh3
62. Kf2 Kg4 63. Kg2 h5 64. Kh2 Kh4 65. Kg2 Kg5 66. Kg3 h4+ 67. Kh3 Kh5 68.
Kh2 Kg4 69. Kg2 Kh5 70. Kh3 Kg5 71. Kg2 Kg4 72. Kh2 h3 73. Kh1 Kh4 74. Kh2
Kg4 75. Kg1 Kg3 76. Kh1 Kh4 77. Kh2 Kg4 78. Kg1 Kg3 79. Kh1 Kg4 80. Kh2 Kh4
81. Kg1 Kg4 82. Kh2 Kh4 83. Kh1 Kg3 84. Kg1 Kf3 85. Kh2 Kg4 86. Kh1 Kg3 87.
Kg1 Kh4 88. Kh2 Kg4 89. Kg1 Kg3 90. Kh1 h2 { White stalemated } 1/2-1/2

[Event "ICC tourney 2351 (30 5)"]
[Site "Internet Chess Club"]
[Date "2021.01.30"]
[Round "4"]
[White "nidhi204"]
[Black "Gabe1616"]
[Result "0-1"]
[ICCResult "White checkmated"]
[WhiteElo "951"]
[BlackElo "554"]
[Opening "Sicilian: Pelikan (Lasker/Sveshnikov) variation"]
[ECO "B33"]
[NIC "SI.35"]
[Time "16:01:55"]
[PlyCount "90"]
[TimeControl "1800+5"]

1. e4 c5 2. Nf3 Nc6 3. d4 cxd4 4. Nxd4 Nf6 5. Nc3 e5 6. Nf3 Bb4 7. Bd2 Bxc3
8. Bxc3 Nxe4 9. Bxe5 Nxe5 10. Nxe5 d6 11. Nf3 Qb6 12. Qd4 Qxd4 13. Nxd4 O-O
14. Bd3 Re8 15. O-O Bd7 16. Rfe1 f5 17. Re2 d5 18. Rae1 Bc6 19. Nxc6 bxc6
20. f3 Nd6 21. c4 Rxe2 22. Rxe2 dxc4 23. Bc2 Rb8 24. Re6 Rxb2 25. Ba4 c3
26. Rxd6 c2 27. Bb3+ Kf8 28. Rxc6 Rb1+ 29. Kf2 c1=Q 30. Rxc1 Rxc1 31. a4
Rb1 32. Be6 Rb2+ 33. Kg3 g6 34. h4 Ke7 35. Bg8 h5 36. a5 f4+ 37. Kh3 Kf6
38. a6 g5 39. g4 hxg4+ 40. Kxg4 Rg2+ 41. Kh5 gxh4 42. Bh7 h3 43. Kh4 h2 44.
Bf5 Kxf5 45. Kh3 h1=Q# { White checkmated } 0-1

[Event "ICC tourney 2351 (30 5)"]
[Site "Internet Chess Club"]
[Date "2021.01.30"]
[Round "5"]
[White "Thisguy314"]
[Black "BadChessNotGood"]
[Result "0-1"]
[ICCResult "White resigns"]
[WhiteElo "1063"]
[BlackElo "437"]
[Opening "Two knights defense"]
[ECO "C58"]
[NIC "KP.01"]
[Time "18:00:21"]
[PlyCount "38"]
[TimeControl "1800+5"]

1. e4 e5 2. Nf3 Nc6 3. Bc4 Nf6 4. Ng5 d5 5. exd5 Na5 6. Bb5+ c6 7. dxc6
bxc6 8. Ba4 h6 9. Nh3 Bg4 10. f3 Bxh3 11. gxh3 Bc5 12. Nc3 Nd5 13. Qe2 Qh4+
14. Kf1 O-O 15. Nxd5 cxd5 16. d3 Qxa4 17. Qxe5 Qxc2 18. Qg3 Qd1+ 19. Kg2
Qe2+ { White resigns } 0-1

[Event "ICC tourney 2351 (30 5)"]
[Site "Internet Chess Club"]
[Date "2021.01.30"]
[Round "5"]
[White "chessmessi14"]
[Black "mattshaf"]
[Result "0-1"]
[ICCResult "White checkmated"]
[WhiteElo "965"]
[BlackElo "979"]
[Opening "Sicilian: Grand Prix attack"]
[ECO "B23"]
[NIC "SI.44"]
[Time "18:00:20"]
[PlyCount "108"]
[TimeControl "1800+5"]

1. e4 c5 2. Nc3 Nc6 3. f4 e5 4. Nf3 d6 5. fxe5 dxe5 6. Bc4 Bd6 7. d3 h6 8.
O-O Nf6 9. Qe1 O-O 10. Qg3 Nd4 11. Nxd4 exd4 12. e5 Nh5 13. Qh4 Qxh4 14.
exd6 Nf6 15. Ne2 Ng4 16. h3 Ne3 17. Bxe3 dxe3 18. Rf4 Qd8 19. Raf1 Be6 20.
Bb5 Qxd6 21. Nc3 a6 22. Ne4 Qc7 23. Ba4 Bxa2 24. Rg4 Be6 25. Rg3 c4 26.
dxc4 Qxc4 27. Nf6+ Kh8 28. Nh5 e2 29. Re1 Qxa4 30. Rxe2 Qa1+ 31. Kh2 Qxb2
32. Rxg7 Qxg7 33. Nxg7 Kxg7 34. Kg3 a5 35. c3 a4 36. Re1 a3 37. Ra1 a2 38.
Kf4 Rad8 39. Ke5 Rd5+ 40. Ke4 Rc8 41. Rxa2 Rxc3 42. Rf2 Rc4+ 43. Ke3 Ra5
44. Rd2 Ra3+ 45. Rd3 Rxd3+ 46. Kxd3 b5 47. g4 b4 48. h4 b3 49. g5 hxg5 50.
hxg5 b2 51. g6 b1=Q+ 52. Ke3 Qb3+ 53. Ke2 Rc2+ 54. Kf1 Qb1# { White
checkmated } 0-1

[Event "ICC tourney 2351 (30 5)"]
[Site "Internet Chess Club"]
[Date "2021.01.30"]
[Round "5"]
[White "Gabesw"]
[Black "NateSAHE"]
[Result "0-1"]
[ICCResult "White checkmated"]
[WhiteElo "903"]
[BlackElo "920"]
[Opening "Scandinavian (center counter) defense"]
[ECO "B01"]
[NIC "VO.17"]
[Time "18:00:16"]
[PlyCount "50"]
[TimeControl "1800+5"]

1. e4 d5 2. exd5 c6 3. dxc6 Nxc6 4. Nf3 e5 5. Bb5 Bd7 6. Qe2 Nf6 7. d4 e4
8. Ne5 Nxd4 9. Nxf7 Qa5+ 10. Bd2 Qxb5 11. Qxb5 Bxb5 12. Nxh8 Nxc2+ 13. Kd1
Nxa1 14. Ng6 hxg6 15. Re1 O-O-O 16. Nc3 Bc4 17. Nxe4 Nxe4 18. Rxe4 Bxa2 19.
Ra4 Bb3+ 20. Kc1 Bxa4 21. Bg5 Nb3+ 22. Kb1 Rd1+ 23. Bc1 Nxc1 24. Ka1 Bb3
25. f3 Nd3# { White checkmated } 0-1

[Event "ICC tourney 2351 (30 5)"]
[Site "Internet Chess Club"]
[Date "2021.01.30"]
[Round "5"]
[White "chess4bigbrain"]
[Black "RichieHeller"]
[Result "0-1"]
[ICCResult "White resigns"]
[WhiteElo "1160"]
[BlackElo "841"]
[Opening "Giuoco Pianissimo"]
[ECO "C23"]
[NIC "IG.04"]
[Time "18:00:22"]
[PlyCount "74"]
[TimeControl "1800+5"]

1. e4 e5 2. Bc4 Nc6 3. d3 Bc5 4. Nf3 d6 5. Ng5 Nh6 6. Nxf7 Nxf7 7. Bxf7+
Kxf7 8. Qf3+ Qf6 9. Qxf6+ Kxf6 10. O-O Rf8 11. Be3 Nd4 12. Nd2 Nxc2 13.
Rac1 Nxe3 14. fxe3+ Ke7 15. Rxf8 Kxf8 16. Rf1+ Kg8 17. d4 exd4 18. exd4
Bxd4+ 19. Kh1 Bxb2 20. Nc4 Bf6 21. Ne3 Be6 22. a3 Rf8 23. h3 Bd4 24. Rxf8+
Kxf8 25. Nd5 Bxd5 26. exd5 c5 27. dxc6 bxc6 28. g4 c5 29. Kg2 c4 30. Kf3 c3
31. Ke2 Ke7 32. Kd3 Bf6 33. a4 Ke6 34. a5 g6 35. a6 Kd5 36. Kc2 Kc5 37. Kb3
Kb5 { White resigns } 0-1

[Event "ICC tourney 2351 (30 5)"]
[Site "Internet Chess Club"]
[Date "2021.01.30"]
[Round "5"]
[White "nidhi204"]
[Black "saphtroyl"]
[Result "0-1"]
[ICCResult "White checkmated"]
[WhiteElo "951"]
[BlackElo "774"]
[Opening "Scandinavian defense"]
[ECO "B01"]
[NIC "SD.03"]
[Time "18:00:25"]
[PlyCount "168"]
[TimeControl "1800+5"]

1. e4 d5 2. exd5 Nf6 3. Nc3 Nxd5 4. Bc4 Be6 5. d3 Nxc3 6. bxc3 Bxc4 7. dxc4
Qxd1+ 8. Kxd1 Nc6 9. Nf3 e5 10. Ke2 Bc5 11. Rd1 e4 12. Nd4 Bxd4 13. cxd4
O-O-O 14. Rb1 Nxd4+ 15. Kd2 Nf3+ 16. Ke3 Rxd1 17. gxf3 exf3 18. Kxf3 Re8
19. Kf4 Rd4+ 20. Kf3 Rxc4 21. Bg5 Rxc2 22. a4 Ree2 23. Rd1 Rxf2+ 24. Ke4
Rfe2+ 25. Kf3 b6 26. Rd8+ Kb7 27. Rd7 Rxh2 28. Rxf7 Rhf2+ 29. Kg3 Rxf7 30.
Kg4 Rg2+ 31. Kh5 Rxg5+ 32. Kxg5 h6+ 33. Kg6 Rf6+ 34. Kxg7 h5 35. Kxf6 h4
36. a5 h3 37. a6+ Kxa6 38. Ke6 h2 39. Kd5 h1=Q+ 40. Ke6 Qe4+ 41. Kf6 Qd5
42. Kg6 Qh5+ 43. Kf6 Qg6+ 44. Kxg6 c5 45. Kf5 b5 46. Ke4 c4 47. Kd4 Ka5 48.
Kc3 Ka4 49. Kb2 b4 50. Ka2 b3+ 51. Kb2 c3+ 52. Ka1 b2+ 53. Kb1 Ka3 54. Kc2
Ka2 55. Kxc3 b1=Q 56. Kd4 Qc2 57. Kd5 Qc3 58. Ke4 Kb3 59. Kd5 Qc4+ 60. Ke5
a5 61. Kd6 Qd5+ 62. Kxd5 a4 63. Kc5 a3 64. Kd4 a2 65. Kd5 a1=Q 66. Ke4 Qe1+
67. Kd4 Qd2+ 68. Ke4 Qc3 69. Kd5 Qb4 70. Ke5 Qc4 71. Kf5 Qd4 72. Ke6 Qc5
73. Kf6 Qd5 74. Ke7 Qc6 75. Kf7 Qd6 76. Ke8 Qc7 77. Kf8 Qd7 78. Kg8 Qe7 79.
Kh8 Kc4 80. Kg8 Kd5 81. Kh8 Ke6 82. Kg8 Kf6 83. Kh8 Kg6 84. Kg8 Qg7# {
White checkmated } 0-1

[Event "ICC tourney 2351 (30 5)"]
[Site "Internet Chess Club"]
[Date "2021.01.30"]
[Round "5"]
[White "Tumi2006"]
[Black "GibsonH"]
[Result "0-1"]
[ICCResult "White checkmated"]
[WhiteElo "827"]
[BlackElo "1099"]
[Opening "Sicilian"]
[ECO "B56"]
[NIC "SI.01"]
[Time "18:00:58"]
[PlyCount "122"]
[TimeControl "1800+5"]

1. e4 c5 2. Nf3 d6 3. d4 cxd4 4. Nxd4 Nf6 5. Nc3 Bg4 6. Be2 Bxe2 7. Qxe2
Qb6 8. Be3 Nc6 9. O-O Nxd4 10. Qd2 e5 11. f4 Qd8 12. fxe5 dxe5 13. Rfd1 Nc6
14. Nd5 Nxd5 15. exd5 Ne7 16. d6 Nf5 17. d7+ Ke7 18. Bg5+ f6 19. Be3 Nxe3
20. Qxe3 Qc7 21. Rd2 Rd8 22. Rad1 g6 23. Qxa7 Rg8 24. Qa3+ Kf7 25. Qb3+ Kg7
26. Qc3 Qxc3 27. bxc3 Bc5+ 28. Kh1 f5 29. Rd5 b6 30. Rxe5 Kf6 31. Red5 Rg7
32. a4 Ke6 33. a5 Rgxd7 34. R5d3 bxa5 35. c4 Rxd3 36. cxd3 a4 37. Ra1 a3
38. h3 Rxd3 39. Kh2 Bd6+ 40. Kh1 Rd2 41. Kg1 a2 42. Kf1 Be5 43. Ke1 Rxg2
44. Kf1 Rh2 45. Kg1 Rd2 46. Rc1 a1=Q 47. Rxa1 Bxa1 48. c5 f4 49. c6 f3 50.
c7 Rc2 51. Kf1 Rxc7 52. Kf2 Rc3 53. h4 h6 54. Kg3 g5 55. hxg5 hxg5 56. Kf2
g4 57. Kg3 Rc2 58. Kxg4 f2 59. Kg5 f1=Q 60. Kg6 Rg2+ 61. Kh6 Qh1# { White
checkmated } 0-1

[Event "ICC tourney 2351 (30 5)"]
[Site "Internet Chess Club"]
[Date "2021.01.30"]
[Round "5"]
[White "SamuelDaPro7"]
[Black "AdamD06"]
[Result "0-1"]
[ICCResult "White checkmated"]
[WhiteElo "1068"]
[BlackElo "1018"]
[Opening "QGD: Lasker variation"]
[ECO "D53"]
[NIC "QO.13"]
[Time "18:00:45"]
[PlyCount "72"]
[TimeControl "1800+5"]

1. d4 d5 2. c4 e6 3. Nc3 Nf6 4. Bg5 Be7 5. e3 Ne4 6. Bxe7 Qxe7 7. cxd5 exd5
8. Nxd5 Qd6 9. Nc3 Qb4 10. Qa4+ Qxa4 11. Nxa4 O-O 12. Bd3 Nf6 13. Nf3 Nc6
14. Nc3 Be6 15. a3 Rfe8 16. e4 Ne7 17. O-O Ng6 18. d5 Bg4 19. Nd2 Rad8 20.
Nb5 c6 21. Nc3 cxd5 22. exd5 Nxd5 23. Nxd5 Rxd5 24. Bxg6 hxg6 25. Nb3 Re2
26. f3 Be6 27. Nc1 Rxb2 28. Rf2 Rd1+ 29. Rf1 Rdd2 30. Re1 Rxg2+ 31. Kh1
Rxh2+ 32. Kg1 Rbg2+ 33. Kf1 Bc4+ 34. Ne2 Rf2+ 35. Kg1 Bxe2 36. Ra2 Rfg2# {
White checkmated } 0-1

[Event "ICC tourney 2351 (30 5)"]
[Site "Internet Chess Club"]
[Date "2021.01.30"]
[Round "5"]
[White "ASmith2010"]
[Black "ArielB"]
[Result "0-1"]
[ICCResult "White checkmated"]
[WhiteElo "1023"]
[BlackElo "979"]
[Opening "Scandinavian (center counter) defense"]
[ECO "B01"]
[NIC "SD.02"]
[Time "18:01:09"]
[PlyCount "60"]
[TimeControl "1800+5"]

1. e4 d5 2. exd5 Qxd5 3. Nc3 Qd8 4. d4 Nf6 5. Nf3 g6 6. Bc4 Bg7 7. O-O O-O
8. h3 a6 9. a4 b6 10. Re1 Bb7 11. Bf4 e6 12. Bh2 Nbd7 13. Ne5 c5 14. dxc5
Nxc5 15. Qxd8 Rfxd8 16. b3 Nce4 17. Nxe4 Nxe4 18. f3 Nc3 19. Re3 Nd5 20.
Bxd5 Bxd5 21. Rae1 b5 22. axb5 axb5 23. Rb1 Rdc8 24. Nd7 Bd4 25. Bf4 Bxe3+
26. Bxe3 Rxc2 27. Nb6 Raa2 28. Bh6 Rxg2+ 29. Kf1 Rh2 30. Rc1 Rh1# { White
checkmated } 0-1

[Event "ICC tourney 2351 (30 5)"]
[Site "Internet Chess Club"]
[Date "2021.01.30"]
[Round "5"]
[White "Sah2yazeed"]
[Black "NathanE42"]
[Result "0-1"]
[ICCResult "White checkmated"]
[WhiteElo "942"]
[BlackElo "956"]
[Opening "Sicilian: Hungarian variation"]
[ECO "B27"]
[NIC "SI.43"]
[Time "18:02:49"]
[PlyCount "60"]
[TimeControl "1800+5"]

1. e4 c5 2. Nf3 g6 3. Bd3 Bg7 4. Bc4 Nf6 5. Nc3 d6 6. O-O O-O 7. d3 Qb6 8.
Na4 Qb4 9. Nc3 Be6 10. Bxe6 fxe6 11. a3 Qb6 12. Bd2 Qc7 13. Nb5 Qc6 14. a4
a6 15. Nc3 d5 16. e5 Ng4 17. h3 Nxe5 18. Qc1 Nxf3+ 19. gxf3 Nd7 20. Kh1 Ne5
21. Kg2 d4 22. Ne4 Nf7 23. Ng5 Nxg5 24. Bxg5 Qxf3+ 25. Kg1 Qxh3 26. Bxe7
Qg4+ 27. Kh1 Qh3+ 28. Kg1 Be5 29. Re1 Qh2+ 30. Kf1 Qxf2# { White checkmated
} 0-1

[Event "ICC tourney 2351 (30 5)"]
[Site "Internet Chess Club"]
[Date "2021.01.30"]
[Round "5"]
[White "SAHEliz"]
[Black "Iankhan"]
[Result "0-1"]
[ICCResult "White checkmated"]
[WhiteElo "1035"]
[BlackElo "1084"]
[Opening "French: exchange variation"]
[ECO "C01"]
[NIC "FR.01"]
[Time "18:00:30"]
[PlyCount "64"]
[TimeControl "1800+5"]

1. e4 e6 2. d4 d5 3. exd5 exd5 4. Nf3 c6 5. Nc3 Nf6 6. Bd3 Be6 7. O-O Bd6
8. Bg5 O-O 9. Qd2 Nbd7 10. Rfe1 Re8 11. Rad1 Qc7 12. Re2 h6 13. Bxf6 Nxf6
14. Rde1 Re7 15. Ne5 Nd7 16. Nf3 Rae8 17. a3 Kf8 18. b4 a6 19. Bh7 Nf6 20.
Bd3 Bg4 21. Rxe7 Rxe7 22. Rxe7 Kxe7 23. Qe3+ Kf8 24. g3 Qd7 25. Ne5 Bxe5
26. dxe5 Nh7 27. Bxh7 Bh3 28. Qc5+ Ke8 29. Qe3 d4 30. Qf3 dxc3 31. Qxc3
Qd1+ 32. Qe1 Qxe1# { White checkmated } 0-1

[Event "ICC tourney 2351 (30 5)"]
[Site "Internet Chess Club"]
[Date "2021.01.30"]
[Round "5"]
[White "Aidan04"]
[Black "Noah7474"]
[Result "0-1"]
[ICCResult "White checkmated"]
[WhiteElo "831"]
[BlackElo "1145"]
[Opening "French defense"]
[ECO "C00"]
[NIC "FR.01"]
[Time "18:00:19"]
[PlyCount "106"]
[TimeControl "1800+5"]

1. e4 e6 2. Nf3 Nc6 3. Nc3 Nf6 4. e5 Nd5 5. Nxd5 exd5 6. d4 Be7 7. Bd3 d6
8. exd6 cxd6 9. O-O Bg4 10. h3 Bxf3 11. Qxf3 Nb4 12. Bb5+ Kf8 13. c3 Nc6
14. Qxd5 Qd7 15. Re1 a6 16. Bc4 Nd8 17. Bf4 Rc8 18. Rxe7 Kxe7 19. Qg5+ Kf8
20. Bb3 h6 21. Qd5 Kg8 22. Bxd6 Qe6 23. Qxe6 Nxe6 24. Bxe6 fxe6 25. Re1 Kf7
26. Be5 b5 27. Re3 Rhf8 28. Rf3+ Kg8 29. Rxf8+ Kxf8 30. f4 Kf7 31. g4 g6
32. Kg2 a5 33. f5 gxf5 34. gxf5 exf5 35. Kf3 Ke6 36. h4 b4 37. Bf4 bxc3 38.
bxc3 Rxc3+ 39. Ke2 Rh3 40. Bxh6 Rxh4 41. Bd2 Rh2+ 42. Kd3 a4 43. Ke3 Rh3+
44. Ke2 Kd5 45. Be3 Rh2+ 46. Kf3 Rxa2 47. Kf4 Re2 48. Bg1 a3 49. Kxf5 a2
50. Bh2 a1=Q 51. Bf4 Qb1+ 52. Kg4 Qg6+ 53. Kf3 Qg2# { White checkmated }
0-1

[Event "ICC tourney 2351 (30 5)"]
[Site "Internet Chess Club"]
[Date "2021.01.30"]
[Round "5"]
[White "crlunag"]
[Black "Smittyboy13"]
[Result "0-1"]
[ICCResult "White checkmated"]
[WhiteElo "290"]
[BlackElo "808"]
[Opening "Giuoco Pianissimo: Canal variation"]
[ECO "C46"]
[NIC "KP.06"]
[Time "18:00:24"]
[PlyCount "74"]
[TimeControl "1800+5"]

1. e4 e5 2. Nf3 Nc6 3. Nc3 Bc5 4. Bc4 Nf6 5. d3 d6 6. Bg5 h6 7. Bh4 Bg4 8.
Nd5 g5 9. Bg3 Nxd5 10. exd5 Na5 11. Bb5+ c6 12. dxc6 Nxc6 13. c3 Qb6 14. c4
Bb4+ 15. Kf1 a6 16. Ba4 h5 17. h4 O-O-O 18. Qb3 Na5 19. Qc2 Bf5 20. Nxg5
Rdf8 21. a3 Bxa3 22. bxa3 Qd4 23. Rb1 Bxd3+ 24. Qxd3 Qxd3+ 25. Kg1 Qxb1+
26. Kh2 Qa2 27. f4 Qxc4 28. Bd1 exf4 29. Bf2 f6 30. Ne6 Qxe6 31. Re1 Qf7
32. g4 Qa2 33. Rf1 hxg4 34. Bxg4+ Kb8 35. Bd7 Rxh4+ 36. Kg2 Qd5+ 37. Kg1
Qh1# { White checkmated } 0-1

[Event "ICC tourney 2351 (30 5)"]
[Site "Internet Chess Club"]
[Date "2021.01.30"]
[Round "5"]
[White "SABHEMischler"]
[Black "WaileaS"]
[Result "1-0"]
[ICCResult "Black checkmated"]
[WhiteElo "628"]
[BlackElo "1027"]
[Opening "Caro-Kann: exchange variation"]
[ECO "B13"]
[NIC "CK.02"]
[Time "18:00:31"]
[PlyCount "165"]
[TimeControl "1800+5"]

1. e4 c6 2. d4 d5 3. exd5 cxd5 4. Nc3 Nf6 5. Nf3 Bf5 6. Bd3 Bg6 7. O-O Nc6
8. Bxg6 hxg6 9. h3 e6 10. a3 Bd6 11. Nb5 a6 12. Nxd6+ Qxd6 13. Re1 O-O-O
14. b3 Rhe8 15. Bg5 Rd7 16. c4 dxc4 17. bxc4 Nxd4 18. Nxd4 Qxd4 19. Qxd4
Rxd4 20. Rac1 Ne4 21. Be3 Rdd8 22. Bb6 Rd2 23. Rxe4 f5 24. Ree1 g5 25. c5
g4 26. hxg4 fxg4 27. c6 bxc6 28. Rxc6+ Kb7 29. Rcxe6 Rf8 30. Ba5 Rdxf2 31.
Re7+ Kc6 32. Rc1+ Kb5 33. Bc7 Ka4 34. Rxg7 Kxa3 35. Rxg4 Rb2 36. Bd6+ Kb3
37. Bxf8 a5 38. Rf1 Rc2 39. g3 Rd2 40. Rg8 a4 41. g4 a3 42. Bxa3 Kxa3 43.
g5 Rd6 44. g6 Kb4 45. g7 Rg6+ 46. Kf2 Rf6+ 47. Ke1 Re6+ 48. Kf2 Rf6+ 49.
Kg3 Rg6+ 50. Kf4 Rf6+ 51. Kg5 Rxf1 52. Rb8+ Kc5 53. g8=Q Rg1+ 54. Kf4 Rxg8
55. Rxg8 Kd5 56. Kf5 Kd4 57. Ke6 Kc5 58. Ke5 Kc6 59. Kd4 Kd6 60. Ke4 Ke6
61. Kd4 Kf5 62. Rf8+ Ke6 63. Ke4 Ke7 64. Rh8 Kf6 65. Rf8+ Ke6 66. Re8+ Kf6
67. Kd5 Kf5 68. Rf8+ Kg6 69. Ke6 Kg7 70. Ke7 Kg6 71. Rf7 Kg5 72. Ke6 Kg6
73. Ke7 Kg5 74. Rf6 Kg4 75. Ke6 Kg5 76. Rf5+ Kg6 77. Ke5 Kg7 78. Rf6 Kh7
79. Kf5 Kg7 80. Kg5 Kh8 81. Kg6 Kg8 82. Kh6 Kh8 83. Rf8# { Black checkmated
} 1-0

[Event "ICC tourney 2351 (30 5)"]
[Site "Internet Chess Club"]
[Date "2021.01.30"]
[Round "5"]
[White "BigE"]
[Black "liamluna"]
[Result "1-0"]
[ICCResult "Black checkmated"]
[WhiteElo "977"]
[BlackElo "908"]
[Opening "Sicilian: accelerated fianchetto, modern variation"]
[ECO "B34"]
[NIC "SI.33"]
[Time "18:00:16"]
[PlyCount "77"]
[TimeControl "1800+5"]

1. e4 c5 2. Nf3 Nc6 3. d4 cxd4 4. Nxd4 g6 5. Nc3 Bg7 6. Be3 d6 7. f3 Nf6 8.
Qd2 Bd7 9. Be2 Rc8 10. h3 O-O 11. O-O-O a5 12. g4 Qb6 13. Ne6 Qb4 14. a3
Qxb2+ 15. Kxb2 Bxe6 16. h4 Bxg4 17. fxg4 Nxe4 18. Qc1 Nxc3 19. Kb3 Nxd1 20.
Bxd1 b5 21. Bh6 Bf6 22. g5 Be5 23. c3 a4+ 24. Ka2 Na5 25. Rh3 Rfd8 26. h5
Rd7 27. hxg6 fxg6 28. Rf3 Nc6 29. Qd2 b4 30. Qd5+ e6 31. Qxe6+ Kh8 32. Qxd7
b3+ 33. Kb2 Rg8 34. Qxc6 Bg7 35. Bxg7+ Rxg7 36. Qe8+ Rg8 37. Rf8 h5 38.
Rxg8+ Kh7 39. Qf7# { Black checkmated } 1-0

[Event "ICC tourney 2351 (30 5)"]
[Site "Internet Chess Club"]
[Date "2021.01.30"]
[Round "5"]
[White "ChessPandaLu"]
[Black "LionsDavidM"]
[Result "1-0"]
[ICCResult "Black checkmated"]
[WhiteElo "305"]
[BlackElo "913"]
[Opening "Three knights game"]
[ECO "C46"]
[NIC "KP.06"]
[Time "18:01:09"]
[PlyCount "101"]
[TimeControl "1800+5"]

1. e4 e5 2. Nf3 Nc6 3. Nc3 Bb4 4. a3 Ba5 5. b4 Bb6 6. Bc4 Nf6 7. d3 O-O 8.
Bg5 h6 9. Bh4 d6 10. Nd5 Kh8 11. Nxf6 gxf6 12. O-O Bg4 13. h3 Bh5 14. c3
Bg6 15. Qd2 Kg7 16. b5 Ne7 17. a4 a5 18. bxa6 bxa6 19. a5 Ba7 20. Qe2 Rb8
21. Bxa6 Qd7 22. d4 exd4 23. cxd4 Bxd4 24. Nxd4 c5 25. Nf3 f5 26. Bxe7 Qxe7
27. exf5 Qxe2 28. Bxe2 Bxf5 29. Nh4 Bc2 30. Rfc1 Bh7 31. Rc3 Rfe8 32. Rg3+
Kh8 33. Bc4 Rb2 34. Bxf7 Ree2 35. Ng6+ Kg7 36. Bd5 Rxf2 37. Nf4+ Kf6 38.
Nh5+ Ke5 39. Bb7 Rfc2 40. Bf3 Kd4 41. a6 Rb8 42. a7 Ra8 43. Bxa8 d5 44. Bb7
Rb2 45. a8=Q Rxb7 46. Qxb7 c4 47. Qxh7 Kc5 48. Qc7+ Kd4 49. Rd1+ Ke4 50.
Qe7+ Kf5 51. Rf1# { Black checkmated } 1-0

[Event "ICC tourney 2351 (30 5)"]
[Site "Internet Chess Club"]
[Date "2021.01.30"]
[Round "5"]
[White "ghalexa"]
[Black "Jairrycs"]
[Result "1-0"]
[ICCResult "Black checkmated"]
[WhiteElo "793"]
[BlackElo "965"]
[Opening "Sicilian defense"]
[ECO "B30"]
[NIC "SI.31"]
[Time "18:01:09"]
[PlyCount "85"]
[TimeControl "1800+5"]

1. e4 c5 2. Nf3 Nc6 3. Nc3 g6 4. Bb5 Bg7 5. d3 a6 6. Bc4 d6 7. Bf4 Nf6 8.
Qd2 O-O 9. O-O Bg4 10. Qe3 Bxf3 11. Qxf3 Nd4 12. Qd1 Qd7 13. Nd5 Qd8 14. c3
Nc6 15. Qd2 b5 16. Bb3 e6 17. Ne3 e5 18. Bg5 Ra7 19. Nd5 a5 20. a4 b4 21.
Rfe1 Re8 22. Re3 Nb8 23. Rf3 Nbd7 24. h3 h6 25. Bxh6 Bxh6 26. Qxh6 Nxd5 27.
Bxd5 Nf6 28. Bc4 Qe7 29. Rg3 Qe6 30. Bxe6 Rxe6 31. c4 Rb7 32. b3 Rc7 33.
Re1 Rd7 34. Ree3 Rde7 35. Ref3 Rd7 36. Qg5 Kf8 37. Rxf6 Rxf6 38. Qxf6 Ke8
39. Qh8+ Ke7 40. Rf3 f5 41. exf5 gxf5 42. Rxf5 Ke6 43. Qf6# { Black
checkmated } 1-0

[Event "ICC tourney 2351 (30 5)"]
[Site "Internet Chess Club"]
[Date "2021.01.30"]
[Round "5"]
[White "paradoxical"]
[Black "Quinlandia"]
[Result "1-0"]
[ICCResult "Black checkmated"]
[WhiteElo "1050"]
[BlackElo "1163"]
[Opening "Four knights: double Ruy Lopez"]
[ECO "C49"]
[NIC "KP.03"]
[Time "18:00:16"]
[PlyCount "97"]
[TimeControl "1800+5"]

1. e4 e5 2. Nf3 Nc6 3. Nc3 Nf6 4. Bb5 Bb4 5. Bxc6 dxc6 6. d3 Bd6 7. h3 O-O
8. Bg5 h6 9. Bh4 Be6 10. a3 Be7 11. Nxe5 Qd6 12. f4 Nd7 13. Bxe7 Qxe7 14.
Nxd7 Bxd7 15. Qf3 Qh4+ 16. Kd2 f5 17. e5 Rab8 18. g3 Qe7 19. Rae1 c5 20.
Qf2 Bc6 21. Rh2 Rbd8 22. Kc1 b6 23. h4 a5 24. Qe3 b5 25. Rd2 b4 26. Ne2 Qe6
27. c4 Qe7 28. h5 Ra8 29. b3 Rfb8 30. a4 Qd7 31. Ng1 Bxa4 32. bxa4 Qxa4 33.
Rb2 Qa1+ 34. Rb1 Qc3+ 35. Kd1 b3 36. Re2 a4 37. Rc1 Qb4 38. e6 b2 39. Rb1
Kf8 40. Qf2 a3 41. e7+ Ke8 42. Qg2 Ra6 43. Qd5 Qb3+ 44. Ke1 Qc3+ 45. Kd1 a2
46. Qg8+ Kd7 47. e8=Q+ Rxe8 48. Qxe8+ Kd6 49. Qe6# { Black checkmated } 1-0

[Event "ICC tourney 2351 (30 5)"]
[Site "Internet Chess Club"]
[Date "2021.01.30"]
[Round "5"]
[White "Gabe1616"]
[Black "Sawhadam"]
[Result "0-1"]
[ICCResult "White checkmated"]
[WhiteElo "554"]
[BlackElo "1076"]
[Opening "Sicilian defense"]
[ECO "B32"]
[NIC "SI.31"]
[Time "18:00:27"]
[PlyCount "116"]
[TimeControl "1800+5"]

1. e4 c5 2. Nf3 Nc6 3. d4 e6 4. Be3 g6 5. dxc5 Qa5+ 6. Nc3 Bxc5 7. Bxc5
Qxc5 8. Be2 d6 9. O-O Bd7 10. Ne1 O-O-O 11. a3 Qb6 12. b4 a6 13. Rb1 Qa7
14. Qxd6 Nge7 15. a4 b6 16. Bxa6+ Qxa6 17. b5 Qb7 18. bxc6 Bxc6 19. Qe5
Rhf8 20. Nb5 Bxe4 21. f3 Bc6 22. a5 Bxb5 23. Rxb5 Nc6 24. Qc3 Rd6 25. Rxb6
Qa7 26. Kh1 Qc7 27. Nd3 Kd7 28. Nc5+ Ke8 29. Rb7 Qxa5 30. Qxa5 Nxa5 31.
Rb8+ Rd8 32. Rxd8+ Kxd8 33. Rd1+ Kc7 34. Ra1 Nc6 35. Rd1 Rd8 36. Rxd8 Nxd8
37. c4 Kc6 38. Nb3 Nb7 39. Kg1 Nc5 40. Nxc5 Kxc5 41. Kf2 Kxc4 42. Ke3 Kd5
43. g4 f5 44. Kf4 fxg4 45. fxg4 h6 46. h4 e5+ 47. Kg3 Kd4 48. g5 hxg5 49.
hxg5 e4 50. Kf2 Kd3 51. Ke1 e3 52. Kf1 Kd2 53. Kg1 e2 54. Kg2 e1=Q 55. Kh2
Qe3 56. Kg2 Ke2 57. Kh2 Kf2 58. Kh1 Qh3# { White checkmated } 0-1